 Dungeon Crawl Stone Soup version 0.27-a0-13-g87abb2d9eb (webtiles) character file.

Game seed: 9913365331084449646

277 dolemite99 the Insei (level 6, 0/43 HPs)
             Began as a Demonspawn Transmuter on Jan 3, 2021.
             Slain by a quokka (4 damage)
             ... on level 4 of the Dungeon.
             The game lasted 00:05:42 (7111 turns).

dolemite99 the Insei (Demonspawn Transmuter)        Turns: 7111, Time: 00:05:42

Health: 0/43       AC:  8    Str: 12    XL:     6   Next: 4%
Magic:  9/9        EV:  5    Int: 15    God:
Gold:   253        SH:  0    Dex: 13    Spells: 8/9 levels left

rFire    + . .     SeeInvis .     - Unarmed
rCold    + . .     Faith    .   (no shield)
rNeg     . . .     Spirit   .   j - +0 chain mail
rPois    .         Reflect  .   (helmet restricted)
rElec    .         Harm     .   (no cloak)
rCorr    .         Rampage  .   (no gloves)
Will     .....                  (no boots)
Stlth    ..........             (no amulet)
HPRegen  0.14/turn              i - ring of protection from fire
MPRegen  0.11/turn              s - ring of protection from cold

@: lethally poisoned (0 -> -5)
A: antennae 1, spiny 1
a: no special abilities


You were on level 4 of the Dungeon.
You visited 1 branch of the dungeon, and saw 4 of its levels.

You collected 253 gold pieces.

Inventory:

Hand Weapons
 f - a +0 dagger
Missiles
 b - 242 stones (quivered)
 d - 25 arrows
 e - 12 bolts
 n - a poisoned dart
 q - 47 sling bullets
 t - 5 atropa-tipped darts
Armour
 a - a +0 robe
 j - a +0 chain mail (worn)
 r - a +0 helmet
Jewellery
 i - a ring of protection from fire (left hand)
 s - a ring of protection from cold (right hand)
 w - an uncursed ring of protection from cold
Wands
 h - a wand of digging (6)
Scrolls
 c - a scroll of blinking
 g - a scroll of noise {unknown}
 k - 2 scrolls of fear
 l - 2 scrolls of enchant weapon
 m - 7 scrolls of teleportation
 p - a scroll of immolation {unknown}
 v - a scroll of amnesia {unknown}
 x - a scroll of enchant armour


   Skills:
 - Level 1.0 Fighting
 - Level 1.7 Dodging
 + Level 6.2 Unarmed Combat
 - Level 2.0 Spellcasting
 - Level 1.7 Transmutations


You had 8 spell levels left.
You knew the following spells:

 Your Spells              Type           Power        Failure   Level
a - Beastly Appendage     Tmut           12%          99%         1

Your spell library contained the following spells:

 Spells                   Type           Power        Failure   Level
 Wereblood                Tmut           6%           100%        2
 Spider Form              Tmut/Pois      2%           100%        3
 Ice Form                 Ice/Tmut       4%           100%        4
 Blade Hands              Tmut           3%           100%        5


Dungeon Overview and Level Annotations

Branches:
Dungeon (4/15)
 Temple: D:4-7

Altars:
Qazlal

Annotations:
D:2 Sigmund


Innate Abilities, Weirdness & Mutations

You have a pair of small antennae on your head.
You are partially covered in sharp spines.


Message History

As you read the scroll of blinking, it crumbles to dust.
A giant cockroach comes into view.
* * * LOW HITPOINT WARNING * * *
You feel sick.
The giant cockroach is struck by your spines.
You kill the giant cockroach!
Found a giant cockroach corpse.
Blink to where?
Press: ? - help, Dir - move target
As you read the scroll of blinking, it crumbles to dust.
An iguana and a quokka come into view.
* * * LOW HITPOINT WARNING * * *
You feel sick.
The iguana hisses angrily.
The iguana bites you but does no damage.
The quokka completely misses you.
You barely miss the quokka. The iguana is struck by your spines.
The iguana barely misses you. The quokka is struck by your spines.
The quokka bites you.
You die...

#.#.# #.
###.
#†§## #.
#. #.#.#
## #.
#.##.#
##. #.#
#.. ..
#.# ### #
## #.#
##. ##.
##.##
...###..
#@r.#
#......
#.l.....#
##......
#...###..
........
#####
#.....#
#......
######.
#. #. ##.


You could see an iguana and a quokka.

Vanquished Creatures
  A hound (D:4)
  2 iguanas (D:4)
  2 worker ants (D:4)
  7 adders
  An ooze (D:2)
  2 leopard geckos (D:1)
  2 orcs
  7 bats
  5 giant cockroaches
  7 goblins
  7 hobgoblins
  8 jackals (D:1)
  4 frilled lizards (D:1)
  15 kobolds
  A quokka skeleton (D:4)
  5 rats
76 creatures vanquished.

Notes
Turn   | Place    | Note
-------+----------+-------------------------------------------
     0 | D:1      | dolemite99 the Demonspawn Transmuter began the quest for
                  | the Orb.
     0 | D:1      | Reached XP level 1. HP: 15/15 MP: 3/3
   459 | D:1      | Reached skill level 3 in Unarmed Combat
   983 | D:1      | Lost mutation: You have a pair of horns on your head.
                  | [demonic ancestry]
   983 | D:1      | Lost mutation: You have a pair of small horns on your head.
                  | [demonic ancestry]
   983 | D:1      | Gained mutation: You have a pair of small antennae on your
                  | head. [demonic ancestry]
   983 | D:1      | Reached XP level 2. HP: 16/21 MP: 3/5
  2841 | D:1      | Gained mutation: You are partially covered in sharp spines.
                  | [demonic ancestry]
  2841 | D:1      | Reached XP level 3. HP: 10/26 MP: 4/6
  3729 | D:1      | Reached skill level 4 in Unarmed Combat
  4628 | D:2      | Reached XP level 4. HP: 29/32 MP: 7/7
  5112 | D:2      | Noticed Sigmund
  5466 | D:3      | Found a stormy altar of Qazlal.
  5516 | D:3      | Reached skill level 5 in Unarmed Combat
  6341 | D:4      | Reached XP level 5. HP: 34/37 MP: 8/8
  6941 | D:4      | Reached skill level 6 in Unarmed Combat
  7098 | D:4      | Reached XP level 6. HP: 15/43 MP: 9/9
  7111 | D:4      | Slain by a quokka

Illustrated notes

Levels and vault maps discovered:
D:1:      erik_arrival_cave_to_civilisation [erik_arrival_cave_to_temple],
          layout_basic, minmay_tetromino_i2
D:2:      layout_basic, minmay_quantized, uniq_sigmund
D:3:      layout_loops_corners, grunt_qazlal_sundering
D:4:      layout_loops_ring

Skill      XL: |  1  2  3  4  5 |
---------------+----------------+-----
Unarmed Combat | 3 4 5 6 |  6.2
Fighting       | |  1.0
Dodging        | |  1.7
Spellcasting   | |  2.0
Transmutations | |  1.7

Action                   |  1- 3 |  4- 6 || total
-------------------------+-------+-------++-------
Melee: Unarmed           |   131 |   103 ||   234
       Kick              |    15 |       ||    15
       Headbutt          |     1 |       ||     1
       Punch             |     1 |     2 ||     3
Throw: Boomerang         |    15 |       ||    15
       Stone             |       |    27 ||    27
       Dart              |       |    15 ||    15
 Cast: Beastly Appendage |    31 |       ||    31
  Use: Scroll            |       |     8 ||     8
       Potion            |       |     8 ||     8
Armor: Robe              |    23 |       ||    23
       Chain mail        |    11 |    61 ||    72
       Skin              |       |    11 ||    11
Dodge: Dodged            |   115 |    23 ||   138

Table legend: (Time is in decaauts)
 A = Elapsed time spent in this place.
 B = Non-inter-level travel time spent in this place.
 C = Inter-level travel time spent in this place.
 D = Time resting spent in this place.
 E = Time spent auto-exploring this place.
 F = Levels seen in this place.
 G = Mean time per level.
                   A        B        C        D        E       F      G
               +--------+--------+--------+--------+--------+-----+--------+
         Total |   7111 |   7052 |     59 |   3867 |   2164 |   4 | 1777.8 |
       Dungeon |   7111 |   7052 |     59 |   3867 |   2164 |   4 | 1777.8 |
               +--------+--------+--------+--------+--------+-----+--------+

Top non-repeatable levels by time:
     D:1: 4375 daAuts
     D:3: 1131 daAuts
     D:4: 812 daAuts
     D:2: 792 daAuts
